 Dungeon Crawl Stone Soup version 0.31-a0-1300-gb6740aa4e6 (webtiles) character file.

Game seed: 13207793659863967717

38 mopl the Insei (level 3, -3/23 HPs)
             Began as an Octopode Shapeshifter on Dec 18, 2023.
             Slain by Sigmund
             ... wielding a +0 scythe
              (12 damage)
             ... on level 2 of the Dungeon.
             The game lasted 00:00:49 (845 turns).

mopl the Insei (Octopode Shapeshifter)               Turns: 845, Time: 00:00:50

Health: -3/23      AC:  1    Str: 13    XL:     3   Next: 43%
Magic:  3/3        EV: 13    Int: 12    God:
Gold:   50         SH:  0    Dex: 13    Spells: 2/2 levels left

rFire   . .          .
                       - Unarmed
rCold   . . .        (no shield)
rNeg    . . .        (helmet currently unavailable)
rPois   .            (no amulet)
rElec   .            (no ring)
rCorr   .            (no ring)
SInv    .            (no ring)
Will    .....        (no ring)
Stlth   ++           (no ring)
HPRegen 0.23/turn    (no ring)
MPRegen 0.08/turn    (no ring)
                     (no ring)

%: no passive effects
@: beast-form
A: beast (slay +1), almost no armour, amphibious, 8 rings, camouflage 1,
gelatinous body 1, (nimble swimmer 1), tentacles
a: Begin Untransformation


You were on level 2 of the Dungeon.
You were a hulking beast.
You visited 1 branch of the dungeon, and saw 2 of its levels.

You collected 50 gold pieces.

Inventory:

Talismans
 b - a beast talisman
 c - a flux talisman
Wands
 i - a wand of polymorph (6)
Scrolls
 e - a scroll of fog {unknown}
 f - a scroll of teleportation {unknown}
 g - a scroll of identify {unknown}
 h - 2 scrolls of enchant armour {unknown}
Potions
 a - a potion of lignification {!q}
 d - a potion of might {unknown}
 j - a potion of ambrosia {unknown}


   Skills:
 + Level 1.4 Fighting
 + Level 2.3 Dodging
 * Level 3.5 Unarmed Combat
 * Level 3.4 Shapeshifting


You had 2 spell levels left.
You didn't know any spells.
Your spell library was empty.

Dungeon Overview and Level Annotations

Branches:
Dungeon (2/15)

Altars:

Annotations:
D:2 Sigmund


Innate Abilities, Weirdness & Mutations

You are a hulking beast.
Your limbs bulge with bestial killing power. (Slay +1)
You cannot wear most types of armour.
You are amphibious.
You can wear up to eight rings at the same time.
Your skin changes colour to match your surroundings (Stealth+).
Your rubbery body absorbs attacks. (AC +1, EV +1)
((You are camouflaged when in or above water. (Stealth+)))
You have tentacles for arms and can constrict up to eight enemies at once.


Message History

HP restored.
Found an escape hatch in the ceiling.
i - a wand of polymorph (6)
Found 4 stones.
You now have 50 gold pieces (gained 15).
Found a stone staircase leading down.
No target in view!
j - a bubbling orange potion
There is a stone staircase leading down here.
A frilled lizard comes into view.
The helpless frilled lizard fails to defend itself.
You tentacle-slap the frilled lizard.
You kill the frilled lizard!
No target in view!
Found 5 stones.
Found a whip.
You see here a +0 whip.
Found a scale mail.
Sigmund the Dreaded comes into view.
He is wielding a +0 scythe.
Sigmund gestures at you while chanting.
You are confused.
You're too confused to move!
You bump into the rock wall.
You feel less confused. Sigmund casts a spell at you. The magic dart hits you.
You start resting.
Sigmund is nearby!
Sigmund misses you.
You closely miss Sigmund. You grab Sigmund. You constrict Sigmund.
You tentacle-slap Sigmund.
Sigmund is moderately wounded.
You constrict Sigmund. Sigmund hits you with a +0 scythe!
Ouch! That really hurt!
You tentacle-slap Sigmund. Your squeeze misses Sigmund.
Sigmund is heavily wounded.
You constrict Sigmund. Sigmund hits you with a +0 scythe!
Ouch! That really hurt!
You die...
Sigmund begins carving another notch in his scythe.

......# #.# .#.#..#
##.####.###
#.......
.........)#
#.#.#############.#
#.#.# #.# #.#.# #.#
#.# #.#
####.########
#.h......[..#
#@###.#####.# #.#
#.# #.# #.# #.# #.#
#$# #.# #.# #.# #.#
#.# #.#


You could see Sigmund.

Vanquished Creatures
  A worm (D:2)
  A dart slug (D:1)
  An endoplasm (D:1)
  3 giant cockroaches
  6 hobgoblins
  A kobold (D:1)
  A quokka (D:1)
  4 ball pythons
  A bat (D:1)
  4 frilled lizards
  5 goblins
  3 rats (D:1)
31 creatures vanquished.

Notes
Turn   | Place    | Note
-------+----------+-------------------------------------------
     0 | D:1      | mopl the Octopode Shapeshifter began the quest for the Orb.
     0 | D:1      | Reached XP level 1. HP: 13/13 MP: 1/1
   213 | D:1      | Reached XP level 2. HP: 18/18 MP: 2/2
   583 | D:1      | Reached XP level 3. HP: 21/23 MP: 3/3
   830 | D:2      | Noticed Sigmund
   845 | D:2      | Slain by Sigmund

Illustrated notes

Levels and vault maps discovered:
D:1:      zelgadis_glass_arrival_small, layout_basic
D:2:      layout_loops_ring, minmay_cupped, uniq_jessica, uniq_sigmund

Action                     || total
---------------------------++-------
  Melee: Unarmed           ||    53
         Constrict         ||    19
         Tentacles         ||    10
         Punch             ||     1
   Stab: Sleeping          ||     6
 Armour: Skin              ||    17
  Dodge: Dodged            ||    18

Table legend: (Time is in decaauts)
 A = Elapsed time spent in this place.
 B = Non-inter-level travel time spent in this place.
 C = Inter-level travel time spent in this place.
 D = Time resting spent in this place.
 E = Time spent auto-exploring this place.
 F = Levels seen in this place.
 G = Mean time per level.
                   A        B        C        D        E       F      G
               +--------+--------+--------+--------+--------+-----+--------+
         Total |    841 |    797 |     44 |      5 |    620 |   2 |  420.5 |
       Dungeon |    841 |    797 |     44 |      5 |    620 |   2 |  420.5 |
               +--------+--------+--------+--------+--------+-----+--------+

Top non-repeatable levels by time:
     D:1: 652 daAuts
     D:2: 188 daAuts
